 Dungeon Crawl Stone Soup version 0.27.1-33-g824d729ab1 (webtiles) character file.

Game seed: 9757959943085124346

401 SensoryNuts the Skirmisher (level 6, 0/66 HPs)
             Began as an Ogre Monk on Dec 6, 2021.
             Was an Elder of Vehumet.
             Slain by a gnoll (4 damage)
             ... on level 5 of the Dungeon.
             The game lasted 00:07:45 (4118 turns).

SensoryNuts the Skirmisher (Ogre Monk)              Turns: 4118, Time: 00:07:46

Health: 0/66       AC:  3    Str: 18    XL:     6   Next: 85%
Magic:  6/6        EV: 10    Int: 11    God:    Vehumet [****..]
Gold:   187        SH:  0    Dex: 11    Spells: 5/5 levels left

rFire    . . .     SeeInvis .   l - +0 giant club
rCold    . . .     Faith    .   (shield currently unavailable)
rNeg     . . .     Spirit   .   b - +0 robe
rPois    .         Reflect  .   (helmet restricted)
rElec    .         Harm     .   (no cloak)
rCorr    .         Rampage  .   (gloves unavailable)
Will     .....                  (boots unavailable)
Stlth    ++........             (no amulet)
HPRegen  0.21/turn              (no ring)
MPRegen  0.10/turn              (no ring)

@: no status effects
A: large, unfitting armour, tough skin 1
a: Renounce Religion


You were on level 5 of the Dungeon.
You worshipped Vehumet.
Vehumet was greatly pleased with you.
You visited 1 branch of the dungeon, and saw 5 of its levels.

You collected 187 gold pieces.

Inventory:

Hand Weapons
 a - a +0 hand axe
 g - a +1 dagger of protection
 l - a +0 giant club (weapon)
 o - a +2 flail of venom
Armour
 b - a +0 robe (worn)
 d - a +2 leather armour of cold resistance
 n - a +0 pair of gloves
Jewellery
 h - an amulet of faith
 k - a +6 ring of strength
Scrolls
 c - 4 scrolls of brand weapon
 e - a scroll of noise
 f - 3 scrolls of magic mapping
 j - a scroll of teleportation
Potions
 i - a potion of degeneration
 m - a potion of haste {unknown}


   Skills:
 + Level 5.6 Fighting
 + Level 2.3 Short Blades
 + Level 3.3(3.9) Axes
 + Level 2.7(3.4) Maces & Flails
 + Level 3.9 Dodging
 + Level 2.2 Stealth


You had 5 spell levels left.
You didn't know any spells.
Your spell library was empty.

Dungeon Overview and Level Annotations

Branches:
Dungeon (5/15)
 Temple: D:4-7

Altars:
Vehumet

Shops:
D:2 ?*


Innate Abilities, Weirdness & Mutations

You are too large for most types of armour.
You have tough skin. (AC +1)


Message History

You kill the orc!
Vehumet accepts your kill. The orc hits you with a +0 whip.
A gnoll comes into view. It is wielding a +0 whip.
The iguana barely misses you. The orc closely misses you.
A gnoll comes into view. It is wielding a +0 spear.
The gnoll shouts!
You hit the iguana.
The iguana is moderately wounded.
The iguana bites you! The orc closely misses you.
A gnoll shaman comes into view. It is wielding a +0 whip.
Unknown command.
You barely miss the iguana.
The iguana is moderately wounded.
The orc closely misses you. The iguana closely misses you.
The iguana barely misses you. The orc barely misses you.
You barely miss the iguana.
The iguana is moderately wounded.
A gnoll comes into view. It is wielding a +0 spear.
The iguana misses you. The orc hits you with a +0 whip.
You closely miss the iguana.
The iguana is moderately wounded.
The iguana barely misses you. The orc hits you with a +0 whip.
You barely miss the iguana.
The iguana is moderately wounded.
The orc barely misses you. The iguana bites you!
The iguana completely misses you. The orc hits you with a +0 whip.
* * * LOW HITPOINT WARNING * * *
You closely miss the iguana.
The iguana is moderately wounded.
The gnoll shouts!
The orc closely misses you. The iguana closely misses you.
The gnoll hits you from afar with a +0 spear.
* * * LOW HITPOINT WARNING * * *
You hit the iguana but do no damage.
The iguana is moderately wounded.
The orc misses you. The iguana bites you!
* * * LOW HITPOINT WARNING * * *
The gnoll hits you from afar with a +0 spear.
You die...

..... ##.....
....... .. #..
....... #.##..
Z...... .....
##gg..... .....#
##loog....
#...##.@##.....
##.......Z.g... .
#.......##.....
#..#........# ....
........#####..##.
##........###..#
..............#
#.#.##..##....## .
## ###.......#


You could see a gnoll shaman, an iguana, 3 gnolls, 2 orcs, a bullfrog zombie and
a bullfrog skeleton.

Vanquished Creatures
  An ogre (D:4)
  A phantom (D:4)
  A hound (D:4)
  An orc priest (D:4)
  A centaur skeleton (D:4)
  An iguana (D:4)
  3 adders
  3 worms
  A dart slug (D:4)
  8 orcs
  4 endoplasms
  A giant cockroach (D:1)
  7 goblins
  9 hobgoblins
  7 jackals
  7 kobolds
  4 quokkas
  9 ball pythons
  8 bats
  6 frilled lizards
  6 rats
89 creatures vanquished.

Notes
Turn   | Place    | Note
-------+----------+-------------------------------------------
     0 | D:1      | SensoryNuts the Ogre Monk began the quest for the Orb.
     0 | D:1      | Reached XP level 1. HP: 24/24 MP: 1/1
   160 | D:1      | Reached XP level 2. HP: 33/33 MP: 2/2
   611 | D:1      | Reached XP level 3. HP: 31/40 MP: 3/3
   710 | D:1      | Found a faded altar of an unknown god.
   718 | D:1      | Became a worshipper of Vehumet
   718 | D:1      | Reached * piety under Vehumet
   718 | D:1      | Offered knowledge of Freeze by Vehumet.
   718 | D:1      | Reached ** piety under Vehumet
   869 | D:2      | Offered knowledge of Poisonous Vapours by Vehumet.
  1033 | D:2      | Found Wibiles's Magic Scroll Shop.
  1147 | D:2      | Offered knowledge of Dazzling Flash by Vehumet.
  1170 | D:2      | Reached *** piety under Vehumet
  1305 | D:2      | Reached XP level 4. HP: 49/49 MP: 4/4
  1325 | D:2      | Offered knowledge of Olgreb's Toxic Radiance by Vehumet.
  1869 | D:2      | Found Tuboc's Assorted Antiques.
  2030 | D:3      | Reached skill level 1 in Short Blades
  2805 | D:4      | Reached skill level 5 in Fighting
  2805 | D:4      | Reached XP level 5. HP: 52/57 MP: 5/5
  2942 | D:4      | Reached **** piety under Vehumet
  3241 | D:4      | Reached skill level 1 in Maces & Flails
  3241 | D:4      | Reached XP level 6. HP: 33/66 MP: 6/6
  3333 | D:4      | Found a glowing drain.
  3771 | D:4      | Offered knowledge of Sticky Flame by Vehumet.
  4090 | D:5      | Entered Level 5 of the Dungeon
  4118 | D:5      | Slain by a gnoll

Illustrated notes

Levels and vault maps discovered:
D:1:      nicolae_arrival_memento_mori, layout_loops_cross,
          chequers_ecumenical_altar_twisty
D:2:      minmay_spotlight, layout_basic, serial_shops, shop_statue,
          nicolae_shop_trees, minmay_joined_circles
D:3:      layout_loops_ring
D:4:      layout_cave_pools, cheibrodos_sewer_entry_bend
D:5:      layout_cave_pools, mainiacjoe_overflow_catwalk_spiral,
          minmay_temple_entry_from_below_a, uniq_ijyb

Skill      XL: |  1  2  3  4  5  6 |
---------------+-------------------+-----
Dodging        | 3 |  3.9
Short Blades   | 1 2 |  2.3
Fighting       | 5 |  5.6
Stealth        | 2 |  2.2
Maces & Flails | 1 2 |  2.7
Axes           | |  3.3

Action                   |  1- 3 |  4- 6 || total
-------------------------+-------+-------++-------
Melee: Hand axe          |    43 |       ||    43
       Dagger            |   123 |   144 ||   267
       Flail             |       |    58 ||    58
       Giant club        |       |    14 ||    14
  Use: Potion            |     3 |     2 ||     5
       Scroll            |       |     8 ||     8
 Stab: Sleeping          |     1 |     2 ||     3
Armor: Robe              |   110 |    72 ||   182
Dodge: Dodged            |   109 |   120 ||   229
